 Dungeon Crawl Stone Soup version 0.30-a0-364-gf6b3ef1049 (webtiles) character file.

Game seed: 9832407649451960312

986 mopl the Cleaver (level 7, -1/52 HPs)
             Began as a Demonspawn Fighter on Nov 14, 2022.
             Killed by nerve-wracking pain
             ... invoked by an orc priest
              (6 damage)
             ... on level 8 of the Dungeon.
             The game lasted 00:03:56 (3730 turns).

mopl the Cleaver (Demonspawn Fighter)               Turns: 3730, Time: 00:03:56

Health: -1/52      AC:  9    Str: 24    XL:     7   Next: 97%
Magic:  7/7        EV:  9    Int:  9    God:
Gold:   276        SH:  4    Dex: 13    Spells: 6/6 levels left

rFire   . . .      SeeInvis .    a - +2 war axe (venom)
rCold   + . .      Faith    .    c - +0 buckler
rNeg    . . .      Spirit   .    L - +2 scale mail {rC+}
rPois   .          Reflect  .    (helmet restricted)
rElec   .          Harm     .    (no cloak)
rCorr   .          Rampage  .    (no gloves)
Will    .....                    J - +0 pair of boots
Stlth   ..........               h - amulet of magic regeneration
HPRegen 0.28/turn                s - ring of flight
MPRegen 0.50/turn                k - +6 ring of strength

@: flying
A: spiny 1, weakness stinger 2, beak, hooves 1
a: no special abilities


You were on level 8 of the Dungeon.
You visited 1 branch of the dungeon, and saw 6 of its levels.

You collected 276 gold pieces.

Inventory:

Hand Weapons
 a - a +2 war axe of venom (weapon)
Missiles
 v - 3 boomerangs (quivered)
 x - 8 poisoned darts
Armour
 c - a +0 buckler (worn)
 J - a +0 pair of boots (worn)
 L - a +2 scale mail of cold resistance (worn)
Jewellery
 g - a ring of wizardry
 h - an amulet of magic regeneration (around neck)
 k - a +6 ring of strength (right hand)
 s - a ring of flight (left hand)
Wands
 w - a wand of flame (30)
 y - a wand of paralysis (9)
 F - a wand of mindburst (10)
Scrolls
 f - 2 scrolls of silence {unknown}
 i - a scroll of immolation {unknown}
 j - a scroll of brand weapon {unknown}
 m - 4 scrolls of torment {unknown}
 o - 6 scrolls of identify {unknown}
 p - 2 scrolls of teleportation {unknown}
 q - 2 scrolls of amnesia {unknown}
 t - a scroll of fog {unknown}
 u - 2 scrolls of blinking {unknown}
 B - a scroll of acquirement {unknown}
 H - a scroll of enchant weapon {unknown}
 I - a scroll of poison {unknown}
 K - a scroll of magic mapping {unknown}
Potions
 d - a potion of might
 e - 4 potions of mutation {!q}
 l - 2 potions of degeneration {unknown}
 n - 2 potions of cancellation {unknown}
 r - 2 potions of haste {unknown}
 z - a potion of magic
 A - a potion of heal wounds {unknown}
 C - a potion of flight {unknown}
 D - 2 potions of resistance {unknown}
 E - a potion of attraction {unknown}
 G - 4 potions of brilliance {unknown}


   Skills:
 - Level 3.0 Fighting
 + Level 8.6 Axes
 - Level 2.6 Armour
 - Level 2.6 Shields


You had 6 spell levels left.
You didn't know any spells.
Your spell library contained the following spells:

 Spells                   Type           Power      Damage    Failure   Level
 Summon Small Mammal      Summ           0%         N/A       78%         1
 Ensorcelled Hibernation  Hex/Ice        0%         N/A       89%         2
 Passwall                 Tmut/Erth      0%         N/A       89%         2
 Call Canine Familiar     Summ           0%         N/A       98%         3
 Inner Flame              Hex/Fire       0%         N/A       98%         3
 Ozocubu's Armour         Ice            0%         N/A       98%         3
 Summon Guardian Golem    Hex/Summ       0%         N/A       98%         3
 Swiftness                Air            0%         N/A       98%         3
 Tukima's Dance           Hex            0%         N/A       98%         3
 Cause Fear               Hex            0%         N/A       100%        4
 Passage of Golubria      Tloc           0%         N/A       100%        4
 Yara's Violent Unravell  Hex/Tmut       0%         3d3       100%        5
 Ozocubu's Refrigeration  Ice            0%         4d7       100%        7
 Discord                  Hex            0%         N/A       100%        8


Dungeon Overview and Level Annotations

Branches:
Dungeon (5/15)
 Temple: D:4-7

Altars:
Dithmenos
Vehumet


Innate Abilities, Weirdness & Mutations

You are partially covered in sharp spines.
You have a tail ending in a sharp stinger.
You have a beak for a mouth.
You have large cloven feet.


Message History

There is an open door here.
HP restored.
An orc priest comes into view. It is wielding a +0 mace.
An orc warrior comes into view. It is wielding a +0 flail.
The orc priest calls down the wrath of Beogh upon you.
Pain shoots through your body!
An orc comes into view. It is wielding a +0 trident.
You closely miss the orc priest.
The orc priest calls down the wrath of Beogh upon you.
Pain shoots through your body!
You closely miss the orc priest. You block the orc priest's attack.
You hit the orc priest.
The orc priest is poisoned.
The orc priest is moderately wounded.
The orc priest barely misses you.
You closely miss the orc priest.
The orc priest is moderately wounded.
You hit the orc warrior.
The orc priest is struck by your spines.
The orc priest closely misses you.
The orc warrior hits you with a +0 flail! x2
* * * LOW HITPOINT WARNING * * *
The orc priest calls down the wrath of Beogh upon you.
Pain shoots through your body!
* * * LOW HITPOINT WARNING * * *
The orc hits you but does no damage.
You are too injured to fight recklessly!
You are too injured to fight recklessly!
It was a potion of mutation.
You feel extremely strange.
Your mouth lengthens and hardens into a beak!
Your feet thicken and deform.
The orc priest begins to cast a cantrip, but forgets the words!
The orc hits you from afar with a +0 trident.
* * * LOW HITPOINT WARNING * * *
The orc warrior barely misses you.
Okay, then.
Okay, then.
It was a potion of magic.
Magic courses through your body.
The orc priest mumbles some strange prayers to Beogh against you.
Pain shoots through your body!
You die...

..# #.#...#+#+# #.#
#.#.#.#.#..
########.#####.#+#†#.#..
.........#.......†.#.#..
......................>.
............#.......#..
###....#.#.###+#...#..
#....#.#.# #...###
#..@.#.#.# #...# .
#.oo.#.#.# #...# #
....o###.#.. #...# #
#....#. #.... ..#.# #
....... #.... ...#.# #
######. ##. # .. .. # #.
# +


You could see an orc warrior, an orc priest (very poisoned) and an orc.

Vanquished Creatures
  Grinder (D:3)
  A water moccasin (D:5)
  5 killer bees (D:8)
  A gnoll bouda (D:5)
  4 hounds
  2 iguanas
  Terence (D:3)
  An orc wizard (D:4)
  Robin (D:3)
  4 adders
  3 gnolls (D:5)
  A worm (D:3)
  A dart slug (D:1)
  11 orcs
  3 bats
  6 endoplasms
  11 goblins
  10 hobgoblins
  12 jackals
  5 kobolds
  4 quokkas
  6 ball pythons
  A frilled lizard (D:2)
  22 rats
117 creatures vanquished.

Notes
Turn   | Place    | Note
-------+----------+-------------------------------------------
     0 | D:1      | mopl the Demonspawn Fighter began the quest for the Orb.
     0 | D:1      | Reached XP level 1. HP: 18/18 MP: 1/1
    58 | D:1      | Reached skill level 2 in Axes
   124 | D:1      | Gained mutation: You have a small tail. [demonic ancestry]
   124 | D:1      | Reached XP level 2. HP: 23/24 MP: 2/2
   291 | D:1      | Reached skill level 3 in Axes
   517 | D:1      | Reached XP level 3. HP: 29/29 MP: 3/3
  1363 | D:3      | Noticed Robin
  1368 | D:3      | Noticed Grinder
  1374 | D:3      | Killed Robin
  1375 | D:3      | Reached skill level 4 in Axes
  1375 | D:3      | Gained mutation: You are partially covered in sharp spines.
                  | [demonic ancestry]
  1375 | D:3      | Reached XP level 4. HP: 24/35 MP: 4/4
  1502 | D:3      | Killed Grinder
  1503 | D:3      | Reached skill level 5 in Axes
  1503 | D:3      | Reached XP level 5. HP: 7/41 MP: 5/5
  1503 | D:3      | Reached XP level 6. HP: 8/47 MP: 6/6
  1667 | D:3      | Reached skill level 6 in Axes
  1887 | D:3      | Noticed Terence
  1895 | D:3      | Killed Terence
  2069 | D:3      | Found a radiant altar of Vehumet.
  2794 | D:3      | Found a shadowy altar of Dithmenos.
  3083 | D:5      | Entered Level 5 of the Dungeon
  3083 | D:5      | Noticed a water moccasin
  3088 | D:5      | Killed a water moccasin
  3089 | D:5      | Reached skill level 7 in Axes
  3089 | D:5      | Gained mutation: You have a tail ending in a sharp stinger.
                  | [demonic ancestry]
  3089 | D:5      | Reached XP level 7. HP: 46/52 MP: 7/7
  3601 | D:5      | You are sucked into a shaft and drop 3 floors!
  3664 | D:8      | Reached skill level 8 in Axes
  3729 | D:8      | Gained mutation: You have a beak for a mouth. [potion of
                  | mutation]
  3729 | D:8      | Gained mutation: You have large cloven feet. [potion of
                  | mutation]
  3730 | D:8      | Killed from afar by an orc priest

Illustrated notes

Levels and vault maps discovered:
D:1:      minmay_arrival_four_houses, layout_loops_ring,
          chequers_serial_rivers_marsh, hangedman_decor_slide_cut
D:2:      layout_loops_ring
D:3:      layout_loops_ring, lemuel_crystal_altar,
          nicolae_overflow_hidden_temple, saegor_snake_ambush, uniq_robin,
          uniq_terence, uniq_grinder
D:4:      layout_basic, grunt_ministairs_11, minmay_rat_hole
D:5:      layout_cave_pods
D:8:      kennysheep_housing_project, layout_basic,
          nicolae_looking_at_the_future

Skill      XL: |  1  2  3  4  5  6  7 |
---------------+----------------------+-----
Axes           | 2 3 4 5 7 8 |  8.6
Fighting       | |  3.0
Armour         | |  2.6
Shields        | |  2.6

Action                   |  1- 3 |  4- 6 |  7- 9 || total
-------------------------+-------+-------+-------++-------
Melee: War axe           |    99 |    86 |    43 ||   228
       Tailslap          |     4 |     6 |     1 ||    11
Throw: Boomerang         |       |     1 |       ||     1
  Use: Potion            |       |       |     2 ||     2
Armor: Scale mail        |    55 |    30 |    15 ||   100
Dodge: Dodged            |    47 |    31 |    22 ||   100
Block: Buckler           |    19 |    27 |     8 ||    54

Table legend: (Time is in decaauts)
 A = Elapsed time spent in this place.
 B = Non-inter-level travel time spent in this place.
 C = Inter-level travel time spent in this place.
 D = Time resting spent in this place.
 E = Time spent auto-exploring this place.
 F = Levels seen in this place.
 G = Mean time per level.
                   A        B        C        D        E       F      G
               +--------+--------+--------+--------+--------+-----+--------+
         Total |   3796 |   3701 |     95 |    248 |   2814 |   6 |  632.7 |
       Dungeon |   3796 |   3701 |     95 |    248 |   2814 |   6 |  632.7 |
               +--------+--------+--------+--------+--------+-----+--------+

Top non-repeatable levels by time:
     D:3: 872 daAuts
     D:4: 771 daAuts
     D:2: 763 daAuts
     D:1: 735 daAuts
     D:5: 523 daAuts
     D:8: 130 daAuts
